 Dungeon Crawl Stone Soup version 0.27.1-34-g3ba077fa99 (webtiles) character file.

Game seed: 8492308532032230367

46 sankara the Shooter (level 3, 0/30 HPs)
             Began as a Minotaur Hunter on Jan 20, 2022.
             Succumbed to Jessica's poison
             ... on level 2 of the Dungeon.
             The game lasted 00:03:42 (1189 turns).

sankara the Shooter (Minotaur Hunter)               Turns: 1189, Time: 00:03:42

Health: 0/30       AC:  8    Str: 22    XL:     3   Next: 44%
Magic:  2/2        EV:  8    Int:  8    God:
Gold:   33         SH:  0    Dex: 11    Spells: 2/2 levels left

rFire    . . .     SeeInvis .   b - +0 hand axe
rCold    . . .     Faith    .   (no shield)
rNeg     . . .     Spirit   .   n - +0 chain mail
rPois    .         Reflect  .   (helmet restricted)
rElec    .         Harm     .   (no cloak)
rCorr    .         Rampage  .   (no gloves)
Will     .....                  (no boots)
Stlth    ..........             (no amulet)
HPRegen  0.10/turn              l - +6 ring of strength
MPRegen  0.08/turn              (no ring)

@: lethally poisoned (0 -> -18)
A: horns 2, retaliatory headbutt
a: no special abilities


You were on level 2 of the Dungeon.
You visited 1 branch of the dungeon, and saw 2 of its levels.

You collected 33 gold pieces.

Inventory:

Hand Weapons
 a - a +1 shortbow
 b - a +0 hand axe (weapon)
 e - a +0 whip
 o - a +0 short sword
Missiles
 d - 37 arrows
 m - 29 stones (quivered)
 p - 23 sling bullets
Armour
 c - a +0 leather armour
 n - a +0 chain mail (worn)
Jewellery
 l - a +6 ring of strength (left hand)
Scrolls
 g - a scroll of identify {unknown}
 h - 3 scrolls of enchant weapon {unknown}
 i - a scroll of vulnerability {unknown}
 j - a scroll of teleportation {unknown}


   Skills:
 - Level 2.4 Fighting
 + Level 0.6 Axes
 * Level 5.6 Bows
 + Level 0.7 Armour
 - Level 2.1 Dodging
 - Level 0.7 Stealth


You had 2 spell levels left.
You didn't know any spells.
Your spell library was empty.

Dungeon Overview and Level Annotations

Branches:
Dungeon (2/15)

Altars:

Annotations:
D:2 Jessica


Innate Abilities, Weirdness & Mutations

You have a pair of horns on your head.
You reflexively headbutt those who attack you in melee.


Message History

Jessica hits you but does no damage. Jessica gestures at you while chanting.
You barely resist.
It was a potion of heal wounds.
You feel much better.
You feel extremely sick.
Jessica hits you with a +2 dagger of venom.
You are more poisoned.
Unknown command.
You feel extremely sick.
Jessica hits you with a +2 dagger of venom.
You feel very sick.
You feel very sick.
You feel very sick.
Jessica hits you with a +2 dagger of venom.
You are more poisoned.
* * * LOW HITPOINT WARNING * * *
You feel very sick.
Jessica mumbles some strange words.
Jessica blinks!
You bump into the rock wall.
* * * LOW HITPOINT WARNING * * *
You feel very sick.
Jessica hits you with a +2 dagger of venom.
* * * LOW HITPOINT WARNING * * *
Jessica closely misses you.
You're too confused to move!
* * * LOW HITPOINT WARNING * * *
You feel very sick. Jessica barely misses you.
Unknown command.
Unknown command.
Unknown command.
Unknown command.
You bump into the rock wall.
You feel less invigorated.
You feel less confused.
* * * LOW HITPOINT WARNING * * *
You feel very sick. Jessica hits you but does no damage. x2
You are more poisoned.
You die...

..# #.# #.# #.# #.# #.#
#.# #.# #.# #.######.#
##@##...#.# ##
#...@...#.#######. #.
##..##...#.........
#.#.####...##......######
#(.......#.##..###.#
##(.####...##).# #.#
..... ######..###.#
#.###. #......# # # #. #
#.####.# # #. ..####.#
#.# #


You could see Jessica (fast).

Vanquished Creatures
  An adder (D:1)
  3 ball pythons
  5 endoplasms
  A giant cockroach (D:2)
  3 goblins
  3 hobgoblins (D:1)
  2 kobolds
  4 quokkas
  6 bats (D:1)
  3 frilled lizards
  A rat (D:1)
32 creatures vanquished.

Vanquished Creatures (others)
  4 plants (D:1)
4 creatures vanquished.

Grand Total: 36 creatures vanquished

Notes
Turn   | Place    | Note
-------+----------+-------------------------------------------
     0 | D:1      | sankara the Minotaur Hunter began the quest for the Orb.
     0 | D:1      | Reached XP level 1. HP: 18/18 MP: 0/0
   355 | D:1      | Reached XP level 2. HP: 25/25 MP: 1/1
   413 | D:1      | Reached skill level 5 in Bows
   717 | D:1      | Found a faded altar of an unknown god.
   941 | D:1      | Reached XP level 3. HP: 25/30 MP: 2/2
  1170 | D:2      | Noticed Jessica
  1189 | D:2      | Succumbed to Jessica's poison

Illustrated notes

Levels and vault maps discovered:
D:1:      eino_arrival_druids_welcome, layout_rooms,
          shapermc_ecumenical_altar_petra, chequers_serial_rivers_micro_c
D:2:      layout_loops_ring, uniq_jessica

Skill      XL: |  1  2 |
---------------+-------+-----
Bows           | 5 |  5.6
Fighting       | |  2.4
Axes           | |  0.6
Armour         | |  0.7
Dodging        | |  2.1
Stealth        | |  0.7

Action                   || total
-------------------------++-------
Melee: Short sword       ||    53
       Headbutt          ||     8
       Hand axe          ||    22
 Fire: Shortbow          ||     3
  Use: Potion            ||     2
Armor: Leather armour    ||    22
       Chain mail        ||    22
Dodge: Dodged            ||    51
